Map: Belladone EC

Players

Игорюша

  • Race: Zerg Zerg
  • League: Gold
  • Spawn Location: 5:00

Olayanne - Winner!

  • Race: Terran Terran
  • League: Gold
  • Spawn Location: 11:00

VOD

Have the link to the VOD?

Description

Time

  • Played on: Dec. 5, 2019, 3:09 p.m.
  • Length: 8:31
Show
View Real Time Build Order
Export as new Build Order

Игорюша Zerg 

Build Orders: Pool First, Muta Ling Bane 

Get SALT Encoding   

  12  0:11  Drone  
  13  0:16  Overlord  
  13  0:17  Drone  
  14  0:35  Spawning Pool  
  13  0:46  Drone x2  
  13  0:47  Drone  
  16  0:58  Drone  
  17  1:15  Hatchery  
  17  1:17  Drone  
  17  1:23  Zergling x2  
  18  1:30  Queen  
  20  1:33  Extractor  
  20  1:37  Zergling x2  
  20  1:41  Zergling x2  
  21  1:54  Zergling x2  
  22  2:06  Overlord  
  22  2:30  Zergling x2  
  22  2:31  Zergling x4  
  25  2:54  Drone x3  
  25  2:55  Zergling x6  
  28  3:07  Zergling x2  
  28  3:08  Zergling x2  
  29  3:14  Drone x2  
  29  3:18  Metabolic Boost  
  29  3:35  Zergling x8  
  33  3:41  Queen  
  33  3:43  Drone  
  33  3:44  Overlord  
  32  3:57  Drone x2  
  34  4:07  Drone x2  
  36  4:17  Lair  
  36  4:19  Drone  
  36  4:20  Drone x3  
  36  4:23  Drone  
  41  4:27  Zergling x2  
  42  4:36  Drone x2  
  44  4:44  Extractor  
  43  4:46  Roach Warren  
  43  4:48  Drone x2  
  42  5:09  Hatchery  
  42  5:13  Drone x2  
  43  5:14  Overlord, Drone, Baneling Nest  
  43  5:15  Overlord  
  43  5:29  Extractor  
  43  5:33  Drone  
  43  5:34  Drone x7  
  50  5:47  Roach  
  50  5:48  Roach  
  54  5:55  Drone x4  
  58  6:05  Spire  
  58  6:09  Nydus Network  
  55  6:23  Baneling  
  55  6:24  Baneling x3  
  55  6:36  Roach  
  55  6:38  Overlord x3  
  57  6:55  Centrifical Hooks  
  57  6:57  Extractor  
  56  7:02  Evolution Chamber  
  56  7:03  Roach x2  
  56  7:05  Zergling x2  
  56  7:06  Zergling x18  
  53  7:41  Mutalisk x2  
  53  7:43  Zergling x2  
  52  7:44  Zergling x10  
  51  7:59  Roach x3  
Show
View Real Time Build Order
Export as new Build Order

Olayanne Terran - Winner!

Build Orders: 2 Factory 

Get SALT Encoding   

  12  0:01  SCV  
  13  0:13  SCV  
  14  0:21  Supply Depot  
  14  0:25  SCV  
  15  0:31  Refinery  
  15  0:45  Barracks  
  15  0:46  SCV  
  16  0:53  Refinery  
  16  0:59  SCV  
  17  1:11  SCV  
  18  1:23  SCV  
  19  1:33  Supply Depot  
  19  1:35  Reaper  
  19  1:37  Orbital Command  
  20  1:50  Factory  
  20  1:56  Supply Depot  
  20  2:07  SCV  
  21  2:27  SCV, Factory  
  21  2:36  Hellion  
  23  2:37  Marine  
  23  2:40  SCV  
  25  2:55  SCV  
  25  2:57  Hellion  
  28  3:19  Factory Tech Lab  
  28  3:21  Factory Reactor  
  28  3:39  Siege Tank  
  31  3:48  SCV, Starport  
  32  4:08  Hellion x2  
  36  4:11  Marine  
  37  4:20  SCV  
  37  4:22  Barracks  
  38  4:26  Starport Reactor  
  38  4:28  Marine  
  39  4:44  Supply Depot  
  39  4:55  Supply Depot  
  39  4:59  Infernal Pre-Igniter  
  39  5:05  SCV, Siege Tank, Marine  
  39  5:06  Hellion  
  46  5:16  Hellion, Medivac x2  
  46  5:17  SCV  
  53  5:27  Hellion  
  55  5:31  Barracks Tech Lab  
  55  5:43  Supply Depot  
  55  5:45  Supply Depot  
  55  5:47  Liberator  
  55  5:50  Stimpack  
  55  6:00  Liberator  
  55  6:02  Engineering Bay  
  55  6:04  Marine  
  55  6:05  SCV, Hellion  
  62  6:12  Supply Depot  
  62  6:16  Supply Depot  
  65  6:26  Hellion  
  67  6:34  Marine  
  67  6:35  Marine  
  67  6:38  Hellion  
  67  6:39  Hellion  
  73  6:48  Siege Tank  
  73  6:52  Marine x2  
  78  7:10  Marine x2  
  80  7:28  Marine x2  
  77  7:46  Marine x2  
  76  7:51  Siege Tank  
  76  7:55  Hellion x2  
  81  8:04  Marine x2  
Tags
 
Add a new tag
Caveats
  • Supply blocks, unpowered buildings, or Contaminate may cause inaccurate times.
  • Supply counts are checked every 10 seconds.